 Dungeon Sprint DCSS version 0.22.1-1-ga44c0e56f4 (webtiles) character file.

39 MuseOD the Sneak (level 3, -4/19 HPs)
             Began as a Spriggan Enchanter on Sept 28, 2018.
             Killed from afar by a deep elf mage (23 damage)
             ... with a shard of ice
             ... in the Dungeon (Sprint III: "The Ten Rune Challenge").
             The game lasted 00:01:21 (211 turns).

MuseOD the Sneak (Spriggan Enchanter)                Turns: 211, Time: 00:01:21

Health: -4/19      AC:  2    Str:  4    XL:     3   Next: 26%
Magic:  3/8        EV: 18    Int: 17    God:
Gold:   22         SH:  0    Dex: 16    Spells: 1/7 levels left

rFire    . . .     SeeInvis +   a - +1 dagger
rCold    . . .     Gourm    .   (shield restricted)
rNeg     . . .     Faith    .   b - +0 robe
rPois    .         Spirit   .   (helmet restricted)
rElec    .         Reflect  .   (no cloak)
rCorr    .         Harm     .   (gloves unavailable)
MR       .....     NoTele   +   (boots unavailable)
Stlth    +++.......             (no amulet)
HPRegen  0.06/turn              (no ring)
MPRegen  0.11/turn              (no ring)

@: very slightly contaminated, very quick
A: very small, unfitting armour, see invisible, herbivore, speed 3, slow
metabolism 2
a: no special abilities


You were in the Dungeon.
You were not hungry.

You visited 1 branch You collected 22 gold pieces.

Inventory:

Hand Weapons
 a - a +1 dagger (weapon)
Armour
 b - a +0 robe (worn)
Scrolls
 i - 3 scrolls of torment {unknown}
 j - a scroll of blinking
 k - 2 scrolls of identify {unknown}
 l - 2 scrolls of remove curse {unknown}
Potions
 c - 2 potions of mutation {unknown}
 e - 2 potions of curing
 f - a potion of heal wounds
 g - a potion of haste
 h - a potion of magic
 m - a potion of resistance {unknown}
 n - a potion of brilliance {unknown}
 o - a potion of agility {unknown}
 p - 2 potions of flight
Comestibles
 d - 3 rations


   Skills:
 + Level 2.4 Fighting
 * Level 5.0 Short Blades
 - Level 3.0 Dodging
 + Level 6.7 Stealth
 - Level 2.6 Spellcasting
 - Level 3.6 Hexes


You had one spell level left.
You knew the following spells:

 Your Spells              Type           Power        Failure   Level  Hunger
a - Corona                Hex            ##.....      4%          1    #......
b - Ensorcelled Hibernat  Hex/Ice        #.....       13%         2    ##.....
c - Confuse               Hex            ##......     12%         3    ###....

Your spell library contained the following spells:

 Spells                   Type           Power        Failure   Level  Hunger
 Tukima's Dance           Hex            ##......     12%         3    ###....
 Dazzling Spray           Conj/Hex       #.....       26%         3    ###....


Dungeon Overview and Level Annotations

Branches:
Dungeon (1/1)

Altars:
Elyvilon
Zin
The Shining One


Innate Abilities, Weirdness & Mutations

You are very small and have problems with some larger weapons.
You are too small for most types of armour.
You have supernaturally acute eyesight. (SInv)
You are a herbivore.
You cover ground extremely quickly.
You need to consume almost no food.


Message History

Confirm with . or Enter, or press ? or * to list all spells.
Aiming: Confuse (safe; 12% risk of failure)
Press: ? - help, Shift-Dir - straight line, f/p - deep elf mage
Aim: a deep elf mage, wielding a long sword of holy wrath (chance to defeat MR: The deep elf mage easily resists.
The deep elf mage casts a spell.
The deep elf mage blinks!
Casting: Confuse (safe; 12% risk of failure)
Confirm with . or Enter, or press ? or * to list all spells.
Aiming: Confuse (safe; 12% risk of failure)
Press: ? - help, Shift-Dir - straight line, f/p - deep elf mage
Aim: a deep elf mage, wielding a long sword of holy wrath (chance to defeat MR: The deep elf mage easily resists.
The deep elf mage mumbles some strange words.
The deep elf mage blinks!
The ice beast completely misses you.
The deep elf mage points at you and mumbles some strange words.
The shard of ice hits you!
Ouch! That really hurt!
You die...

▓▓▓▓▓▓▓ ▓▓▓ .'....♣♣♣
♣.##### .#....♣.♣ ♣.#___#
##....♣.♣ ♣♣.#...#
.#....≈♣♣♣♣..###'#+###+##
.#...≈≈...♣..#..@.......#
.#..≈≈≈≈♣♣♣♣.+.⌠.eY.....#
'#..≈≈≈≈≈≈.♣E#...######+#
.#.≈≈≈≈≈≈....#.⌠.#
.#.≈≈≈≈≈.....#...#
.#.≈≈≈.......#+###
##...........#
.............#
▓▓▓▓▓▓▓▓▓▓▓▓▓▓


You could see a deep elf mage and an ice beast.

Vanquished Creatures
  A human (D)
  A wolf (D)
  An ooze (D)
  3 rats (D)
6 creatures vanquished.

Vanquished Creatures (others)
  6 hellions (D)
  A yaktaur (D)
7 creatures vanquished.

Grand Total: 13 creatures vanquished

Notes
Turn   | Place    | Note
-------+----------+-------------------------------------------
     0 | D        | MuseOD the Spriggan Enchanter began the quest for the Orb.
     0 | D        | Reached XP level 1. HP: 9/9 MP: 5/5
     7 | D        | Reached skill level 1 in Fighting
     7 | D        | Reached skill level 5 in Stealth
    29 | D        | Killed a yaktaur
    86 | D        | Reached skill level 6 in Stealth
    86 | D        | Reached XP level 2. HP: 15/15 MP: 6/6
   101 | D        | Killed a hellion
   102 | D        | Killed a hellion
   103 | D        | Killed a hellion
   103 | D        | Killed a hellion
   105 | D        | Killed a hellion
   109 | D        | Killed a hellion
   112 | D        | Learned a level 2 spell: Ensorcelled Hibernation
   121 | D        | Reached skill level 5 in Short Blades
   121 | D        | Reached XP level 3. HP: 19/19 MP: 5/8
   126 | D        | Learned a level 3 spell: Confuse
   157 | D        | Noticed a water elemental
   187 | D        | Found a glowing silver altar of Zin.
   187 | D        | Found a glowing golden altar of the Shining One.
   187 | D        | Found a white marble altar of Elyvilon.
   187 | D        | Noticed a deep elf mage
   199 | D        | Noticed an ice beast
   211 | D        | Killed from afar by a deep elf mage

Skill      XL: |  1  2 |
---------------+-------+-----
Fighting       | 2 |  2.4
Short Blades   | 4 5 |  5.0
Stealth        | 6 |  6.7
Dodging        | |  3.0
Spellcasting   | |  2.6
Hexes          | |  3.6

Action                   || total
-------------------------++-------
Melee: Dagger            ||    16
 Cast: Ensorcelled Hiber ||     1
       Confuse           ||     4
  Use: Potion            ||     2
 Stab: Sleeping          ||     3
Dodge: Dodged            ||    10
